 Dungeon Sprint DCSS version 0.28-a0-1387-g3a22ab9bdc (webtiles) character file.

Game seed: 13990808834023597768

1622 mhtbhm the Protected (level 8, -1/83 HPs)
             Began as a Minotaur Fighter on Jan 2, 2022.
             Was an Initiate of Gozag.
             Slain by an ice devil (15 damage)
             ... in the Dungeon (Sprint VII: "The Pits").
             The game lasted 00:02:18 (1195 turns).

mhtbhm the Protected (Minotaur Fighter)             Turns: 1195, Time: 00:02:19

Health: -1/83      AC: 18    Str: 23    XL:     8   Next: 65%
Magic:  7/7        EV: 12    Int:  8    God:    Gozag
Gold:   1530       SH:  6    Dex: 10    Spells: 7/7 levels left

rFire   . . .      SeeInvis .   a - +2 war axe (freeze)
rCold   . . .      Faith    .   c - +0 buckler
rNeg    . . .      Spirit   .   b - +4 chain mail
rPois   .          Reflect  .   (helmet restricted)
rElec   .          Harm     .   t - +0 cloak
rCorr   .          Rampage  .   (no gloves)
Will    .....      NoTele   +   (no boots)
Stlth   ..........              (no amulet)
HPRegen 0.23/turn               p - +3 ring of evasion
MPRegen 0.10/turn               s - +3 ring of intelligence

@: mighty, gold aura
A: horns 2, retaliatory headbutt
a: Renounce Religion, Potion Petition, Call Merchant, Bribe Branch


You were in the Dungeon.
You worshipped Gozag.
Gozag was most pleased with you.
You visited 1 branch You collected 1530 gold pieces.

Inventory:

Hand Weapons
 a - a +2 war axe of freezing (weapon)
Missiles
 n - 2 poisoned darts (quivered)
 o - 2 throwing nets
Armour
 b - a +4 chain mail (worn)
 c - a +0 buckler (worn)
 t - a +0 cloak (worn)
Jewellery
 p - a +3 ring of evasion (left hand)
 s - a +3 ring of intelligence (right hand)
Scrolls
 j - a scroll of blinking
 l - 5 scrolls of amnesia
 m - a scroll of summoning
Potions
 d - 3 potions of might
 e - 6 potions of curing
 f - 6 potions of heal wounds
 g - 2 potions of haste
 h - 4 potions of magic
 i - 2 potions of berserk rage
 k - 2 potions of invisibility
 q - a potion of resistance
 r - a potion of brilliance


   Skills:
 + Level 11.8 Fighting
 + Level 10.9 Axes
 + Level 13.0 Armour
 + Level 3.3 Dodging
 + Level 1.5 Stealth
 + Level 11.7 Shields


You had 7 spell levels left.
You didn't know any spells.
Your spell library was empty.

Dungeon Overview and Level Annotations

Branches:
Dungeon (1/1)

Altars:
Ashenzari
Cheibriados
Dithmenos
Elyvilon
Fedhas
Gozag
Hepliaklqana
Kikubaaqudgha
Makhleb
Nemelex Xobeh
Okawaru
Qazlal
Ru
Sif Muna
Trog
Uskayaw
Vehumet
Wu Jian
Xom
Yredelemnul
Zin
The Shining One
Beogh
Jiyva
Lugonu


Innate Abilities, Weirdness & Mutations

You have a pair of horns on your head.
You reflexively headbutt those who attack you in melee.


Message History

The ice devil is lightly wounded.
You barely miss the centaur.
You feel sick.
The centaur changes into an ice beast!
The ice devil barely misses you.
Unknown command.
You feel sick.
You feel sick.
You feel sick.
You feel much better.
You feel sick.
You are no longer poisoned.
You block the ice devil's attack.
You feel very mighty all of a sudden. The ice devil hits you!
The ice devil freezes you!!
* * * LOW HITPOINT WARNING * * *
The ice beast hits you but does no damage.
You hit the ice devil.
The ice devil is lightly wounded.
You slash the ice beast!
The ice devil hits you but does no damage.
The ice beast hits you but does no damage.
You barely miss the ice devil.
The ice devil is lightly wounded.
You hit the ice beast.
The ice beast changes into a blink frog!
The ice devil hits you but does no damage.
Unknown command.
You hit the ice devil. Your headbutt misses the ice devil.
The ice devil is lightly wounded.
You slash the blink frog! You freeze the blink frog.
The ice devil hits you but does no damage.
The blink frog blinks!
You slash the ice devil! You headbutt the ice devil.
The ice devil is heavily wounded.
You block the ice devil's attack.
You slice the blink frog!! You freeze the blink frog!
You kill the blink frog!
You slash the ice devil! The ice devil hits you!
* * * LOW HITPOINT WARNING * * *
The ice devil freezes you!
You die...
Your body crumbles into a pile of gold.

###.##................+
.....'................+
'#####......#..#......#
.#..##................#
.').#####'#####''######
##'###.......##''#
.)..##.......##..#
....##.......##.$#
'#####...<...##.@####
))[.##.......##.4#..###
))[.##.......##..#....##
######.......##..'.....#
.#..###########..'$....+
.#.############..'.....#
.#.#....#..[.##..#....##
.#'#....#..[.##..#..###
.#.[....'..))##..####


You could see an ice devil.

Vanquished Creatures
  Harold (D)
  A deep elf pyromancer (D)
  A blink frog (shapeshifter) (D)
  A floating eye (D)
  A sky beast (D)
  A centaur (D)
  A phantom (D)
  A kobold brigand (D)
  A bullfrog (D)
  A scorpion (D)
  A quasit (D)
  2 iron imps (D)
  An iguana (D)
  3 river rats (D)
  An adder (D)
  An orc (D)
  A ball python (D)
  2 bats (D)
  An endoplasm (D)
  A jackal (D)
  A quokka (D)
  A rat (D)
26 creatures vanquished.

Vanquished Creatures (others)
  A ball python skeleton (D)
1 creature vanquished.

Grand Total: 27 creatures vanquished

Notes
Turn   | Place    | Note
-------+----------+-------------------------------------------
     0 | D        | mhtbhm the Minotaur Fighter began the quest for the Orb.
     0 | D        | Reached XP level 1. HP: 19/19 MP: 0/0
    11 | D        | Noticed a floating eye
    13 | D        | Killed a floating eye
    14 | D        | Reached skill level 7 in Armour
    14 | D        | Reached XP level 2. HP: 34/34 MP: 1/1
    14 | D        | Reached XP level 3. HP: 39/39 MP: 2/2
    14 | D        | Reached XP level 4. HP: 47/47 MP: 3/3
    18 | D        | Found a bloodstained altar of Trog.
    18 | D        | Found a shimmering blue altar of Sif Muna.
    18 | D        | Found a viscous altar of Jiyva.
    18 | D        | Found a hazy altar of Hepliaklqana.
    18 | D        | Found an opulent altar of Gozag.
    19 | D        | Found a glowing golden altar of the Shining One.
    19 | D        | Found a glowing silver altar of Zin.
    19 | D        | Found a basalt altar of Yredelemnul.
    19 | D        | Found a shimmering altar of Xom.
    19 | D        | Found an ornate altar of the Wu Jian Council.
    19 | D        | Found a sacrificial altar of Ru.
    19 | D        | Found a stormy altar of Qazlal.
    19 | D        | Found an iron altar of Okawaru.
    19 | D        | Found a sparkling altar of Nemelex Xobeh.
    19 | D        | Found a burning altar of Makhleb.
    19 | D        | Found a blossoming altar of Fedhas.
    19 | D        | Found a white marble altar of Elyvilon.
    19 | D        | Found a shadowy altar of Dithmenos.
    19 | D        | Found a snail-covered altar of Cheibriados.
    22 | D        | Found a corrupted altar of Lugonu.
    22 | D        | Found a radiant altar of Vehumet.
    23 | D        | Found an ancient bone altar of Kikubaaqudgha.
    23 | D        | Found a hide-covered altar of Uskayaw.
    23 | D        | Found a broken altar of Ashenzari.
    26 | D        | Became a worshipper of Gozag Ym Sagoz the Greedy
   158 | D        | Noticed a scorpion
   158 | D        | Noticed a centaur
   173 | D        | Killed a scorpion
   174 | D        | Reached skill level 8 in Armour
   174 | D        | Reached XP level 5. HP: 35/53 MP: 4/4
   177 | D        | Killed a centaur
   178 | D        | Reached skill level 5 in Axes
   178 | D        | Reached skill level 1 in Dodging
   375 | D        | Noticed a phantom
   379 | D        | Reached skill level 9 in Armour
   379 | D        | Reached XP level 6. HP: 63/63 MP: 5/5
   393 | D        | Reached skill level 10 in Armour
   402 | D        | Reached skill level 10 in Fighting
   402 | D        | Reached skill level 10 in Shields
   506 | D        | Reached XP level 7. HP: 69/72 MP: 6/6
   742 | D        | Noticed Harold
   742 | D        | Noticed a deep elf pyromancer
   743 | D        | Noticed a fire elemental
   750 | D        | Noticed a fire elemental
   750 | D        | Noticed a fire elemental
   757 | D        | Killed Harold
   758 | D        | Reached skill level 12 in Armour
   758 | D        | Reached skill level 1 in Stealth
   758 | D        | Reached XP level 8. HP: 13/82 MP: 7/7
   763 | D        | Killed a deep elf pyromancer
   763 | D        | HP: 6/123 [burnt (3)]
   764 | D        | Reached skill level 10 in Axes
   764 | D        | Reached skill level 13 in Armour
  1166 | D        | Noticed an ice devil
  1192 | D        | Noticed a blink frog
  1192 | D        | an ice beast changed into a blink frog
  1195 | D        | Killed a blink frog
  1195 | D        | Slain by an ice devil

Illustrated notes

Levels and vault maps discovered:
D:        pitsprint [storerooms_1, entrance_room_1, metal_vault_1, armoury_2,
          mini_pit_1, grid_room_1, main_hall_1, silver_pit, the_coven_3,
          the_vestibule_1, steel_vault_4, golden_pit, hallway_of_sentries,
          crystal_vault_1, iron_vault_3, final_vault]

Skill      XL: |  1  2  3  4  5  6  7  8 |
---------------+-------------------------+-----
Fighting       | 7 8 9 10 11 | 11.8
Axes           | 3 4 5 7 9 10 | 10.9
Armour         | 7 8 9 10 12 13 | 13.0
Shields        | 6 8 9 10 11 | 11.7
Dodging        | 1 2 3 |  3.3
Stealth        | 1 |  1.5

Action                   |  1- 3 |  4- 6 |  7- 9 || total
-------------------------+-------+-------+-------++-------
Melee: Headbutt          |     1 |    13 |    13 ||    27
       War axe           |     1 |       |     9 ||    10
       Hand axe          |       |    59 |    49 ||   108
  Use: Potion            |       |     2 |     5 ||     7
Armor: Scale mail        |       |    14 |       ||    14
       Chain mail        |       |     5 |    58 ||    63
Dodge: Dodged            |       |    23 |    24 ||    47
Block: Buckler           |       |    14 |     6 ||    20

Table legend: (Time is in decaauts)
 A = Elapsed time spent in this place.
 B = Non-inter-level travel time spent in this place.
 C = Inter-level travel time spent in this place.
 D = Time resting spent in this place.
 E = Time spent auto-exploring this place.
 F = Levels seen in this place.
 G = Mean time per level.
                   A        B        C        D        E       F      G
               +--------+--------+--------+--------+--------+-----+--------+
         Total |   1198 |   1198 |      0 |    504 |    308 |   1 | 1198.0 |
       Dungeon |   1198 |   1198 |      0 |    504 |    308 |   1 | 1198.0 |
               +--------+--------+--------+--------+--------+-----+--------+

Top non-repeatable levels by time:
       D: 1198 daAuts
